Map: 黄金之柱-天梯版

Players

iGCoffeeMs (Coffee)

  • Race: Terran Terran
  • League: Master

夜蝶蝶蝶蝶蝶蝶蝶 (Firefly) - Winner!

  • Race: Protoss Protoss

Event: DreamHack SC2 Masters 2020 Fall

VOD

Have the link to the VOD?

Description

Time

  • Played on: Sept. 2, 2020, 8:01 a.m.
  • Length: 7:35

All games in this series

Show
View Real Time Build Order
Export as new Build Order

iGCoffeeMs Terran 

Build Orders: 1/1/1 

Get SALT Encoding   

  12  0:00  SCV  
  13  0:12  SCV  
  14  0:18  Supply Depot  
  14  0:24  SCV  
  15  0:29  Refinery  
  15  0:39  SCV  
  16  0:47  Barracks  
  16  0:51  SCV  
  17  1:03  SCV  
  18  1:10  Engineering Bay  
  18  1:15  SCV  
  19  1:36  Factory  
  19  1:37  Marine  
  20  1:46  Orbital Command  
  20  1:56  Barracks Reactor  
  20  1:59  Supply Depot  
  19  2:05  Refinery  
  19  2:12  SCV  
  20  2:24  SCV  
  20  2:26  Starport  
  21  2:31  Marine  
  21  2:32  Marine  
  21  2:33  Widow Mine  
  21  2:36  Supply Depot  
  25  2:40  SCV  
  26  2:49  Marine  
  26  2:50  Marine  
  28  2:52  SCV  
  28  2:55  Widow Mine  
  31  3:08  Medivac  
  33  3:14  Armory  
  33  3:15  Marine x2  
  35  3:21  Widow Mine  
  37  3:28  Supply Depot  
  37  3:34  Marine x2  
  39  3:42  Factory Tech Lab  
  39  3:53  Marine x2  
  41  4:01  Thor  
  47  4:07  Supply Depot  
  47  4:28  Medivac, Marine x2  
  51  4:46  Marine x2  
  53  5:00  Liberator  
  53  5:04  Marine x2  
  48  5:41  Marine x2  
  36  5:59  Marine  
  36  6:00  Marine  
  31  6:16  Marine  
  20  6:18  Marine  
  21  6:34  Marine  
Show
View Real Time Build Order
Export as new Build Order

夜蝶蝶蝶蝶蝶蝶蝶 Protoss - Winner!

Build Orders:  

Get SALT Encoding   

  12  0:00  Probe  
  13  0:12  Probe  
  14  0:19  Pylon  
  14  0:24  Probe  
  15  0:37  Probe (Chrono Boost)  
  15  0:40  Gateway  
  16  0:50  Probe (Chrono Boost)  
  16  0:51  Assimilator  
  16  0:56  Probe  
  18  1:08  Probe  
  19  1:20  Probe  
  20  1:33  Probe  
  20  1:34  Cybernetics Core  
  20  1:39  Pylon  
  21  1:45  Probe  
  22  2:07  Nexus  
  22  2:08  Adept (Chrono Boost)  
  22  2:09  Assimilator  
  22  2:14  Shield Battery  
  24  2:17  Probe  
  25  2:25  Warp Gate  
  25  2:29  Probe  
  26  2:31  Adept (Chrono Boost)  
  28  2:41  Probe  
  29  2:53  Probe, Robotics Facility  
  31  3:05  Probe  
  31  3:19  Probe  
  34  3:22  Probe  
  34  3:25  Gateway  
  35  3:27  Gateway  
  35  3:28  Stalker  
  35  3:31  Probe  
  36  3:35  Probe  
  36  3:40  Observer (Chrono Boost)  
  38  3:43  Probe  
  38  3:47  Probe  
  40  3:51  Warp Prism (Chrono Boost)  
  40  3:55  Probe  
  43  3:58  Pylon  
  43  4:01  Probe  
  44  4:07  Probe  
  45  4:16  Pylon  
  45  4:17  Probe, Stalker  
  46  4:20  Stalker  
  46  4:24  Stalker  
  52  4:36  Probe x2  
  51  4:39  Observer (Chrono Boost)  
  50  4:49  Stalker x3  
  56  4:56  Probe x2  
  56  4:59  Shield Battery  
  60  5:14  Immortal  
  60  5:22  Shield Battery  
  58  5:36  Stalker x2  
  62  5:45  Shield Battery  
  52  5:58  Stalker  
  52  6:01  Stalker  

Tags
 
Add a new tag
Caveats
  • Supply blocks, unpowered buildings, or Contaminate may cause inaccurate times.
  • Supply counts are checked every 10 seconds.